 Dungeon Crawl Stone Soup version 0.25.1-2-g60ff931df9 (webtiles) character file.

Game seed: 9460879328813455372

66659 Chimkentus the Nimble (level 15, -2/105 HPs)
             Began as an Octopode Assassin on Aug 23, 2020.
             Was the Champion of Wu Jian.
             Slain by a two-headed ogre
             ... wielding a +0 giant spiked club
              (29 damage)
             ... on level 2 of the Orcish Mines on Aug 24, 2020.
             The game lasted 04:06:15 (34335 turns).

Chimkentus the Nimble (Octopode Assassin)          Turns: 34335, Time: 04:06:16

Health: -2/105     AC:  3    Str: 12    XL:     15   Next: 20%
Magic:  11/20      EV: 21    Int: 14    God:    Wu Jian [******]
Gold:   1490       SH: 16    Dex: 18    Spells: 11/20 levels left

rFire    . . .     SeeInvis .   v - +2 dagger (venom)
rCold    . . .     Gourm    .   W - +5 kite shield
rNeg     . . .     Faith    .   b - +2 hat {MR+}
rPois    +         Spirit   .   u - amulet of the acrobat
rElec    .         Reflect  .   l - ring of stealth
rCorr    .         Harm     .   x - +4 ring of slaying
MR       ++...                  G - ring of poison resistance
Stlth    ++++++....             (no ring)
HPRegen  0.27/turn              (no ring)
MPRegen  0.17/turn              (no ring)
                                (no ring)
                                (no ring)

@: very slightly contaminated
A: almost no armour, stealthy swim, amphibious, 8 rings, constrict 8, camouflage
1, gelatinous body 1
a: Wall Jump, Serpent's Lash, Heavenly Storm, Renounce Religion


You were on level 2 of the Orcish Mines.
You worshipped Wu Jian.
Wu Jian was exalted by your worship.
You were hungry.

You visited 4 branches of the dungeon, and saw 21 of its levels.
You also visited: Sewer.

You collected 1710 gold pieces.
You spent 220 gold pieces at shops.

Inventory:

Hand Weapons
 a - a +3 dagger
 c - a +7 long sword of freezing
 f - a +2 hunting sling of flaming
 j - a +2 dagger of freezing
 r - a +2 hand axe of draining
 s - a +1 dagger of holy wrath
 v - a +2 dagger of venom (weapon)
 B - a +2 falchion of flaming
 N - a +0 dagger of draining
 X - a +4 spear of venom
Missiles
 p - 47 stones
 E - 5 boomerangs
 H - 5 curare-tipped darts (quivered)
 M - 3 poisoned darts
 P - 112 sling bullets
 V - 5 atropa-tipped darts
 Y - a throwing net
Armour
 b - a +2 hat of magic resistance (worn)
 W - a +5 kite shield (worn)
Jewellery
 l - a ring of stealth (left tentacle)
 u - an amulet of the acrobat (around mantle)
 x - a +4 ring of slaying (right tentacle)
 F - an uncursed amulet of regeneration
 G - a ring of poison resistance (on tentacle)
Wands
 k - a wand of random effects (28)
 w - a wand of flame (19)
 y - a wand of polymorph (54)
 C - a wand of paralysis (5)
 T - a wand of digging (15)
Scrolls
 g - a scroll of identify
 h - a scroll of vulnerability {unknown}
 m - 6 scrolls of teleportation
 q - a scroll of blinking {unknown}
 z - 2 scrolls of fog
 A - a scroll of acquirement {unknown}
 I - 4 scrolls of remove curse
 K - a scroll of brand weapon {unknown}
 Q - a scroll of immolation
 Z - a scroll of fear {unknown}
Potions
 e - 4 potions of flight
 n - 9 potions of curing
 o - a potion of resistance
 t - a potion of stabbing
 D - a potion of ambrosia
 J - a potion of brilliance
 L - 3 potions of haste
 S - a potion of lignification
Comestibles
 d - 35 rations
 i - 14 chunks of flesh


   Skills:
 * Level 10.7 Fighting
 + Level 9.3(9.5) Short Blades
 + Level 3.0(6.6) Long Blades
 + Level 6.3(9.1) Slings
 - Level 10.0(10.8) Throwing
 * Level 10.8 Dodging
 + Level 9.5 Stealth
 * Level 10.0 Shields
 * Level 3.2 Spellcasting
 + Level 1.7 Conjurations
 * Level 5.7 Hexes
 + Level 4.6 Transmutations
 + Level 0.4 Fire Magic
 + Level 4.3 Earth Magic
 + Level 7.3 Evocations


You had 11 spell levels left.
You knew the following spells:

 Your Spells              Type           Power        Failure   Level  Hunger
a - Petrify               Tmut/Erth      ##......     52%         4    #####..
b - Foxfire               Conj/Fire      #...         24%         1    #......
c - Tukima's Dance        Hex            ###.....     11%         3    ###....
d - Corona                Hex            ###....      3%          1    #......

Your spell library contained the following spells:

 Spells                   Type           Power        Failure   Level  Hunger
 Confusing Touch          Hex            ###.....     11%         3    ###....
 Ensorcelled Hibernation  Hex/Ice        ##....       19%         2    ##.....
 Dazzling Flash           Conj/Hex       ##....       26%         3    ###....
 Inner Flame              Hex/Fire       ##......     32%         3    ###....
 Animate Skeleton         Necr           N/A          36%         1    #......
 Apportation              Tloc           #.....       36%         1    #......
 Summon Small Mammal      Summ           #...         36%         1    #......
 Call Imp                 Summ           #.......     52%         2    ##.....
 Conjure Flame            Conj/Fire      #.......     58%         3    ###....
 Call Canine Familiar     Summ           #.......     75%         3    ###....
 Gell's Gravitas          Tloc           #.........   75%         3    ###....
 Yara's Violent Unravell  Hex/Tmut       ###.......   78%         5    ######.
 Sticky Flame             Conj/Fire      #.......     94%         4    #####..
 Metabolic Englaciation   Hex/Ice        ##........   97%         5    ######.
 Bolt of Magma            Conj/Fire/Erth #.........   99%         5    ######.
 Fireball                 Conj/Fire      #.........   100%        5    ######.
 Iskenderun's Battlesphe  Conj/Chrm      #.......     100%        5    ######.
 Iron Shot                Conj/Erth      ##........   100%        6    #######
 Simulacrum               Ice/Necr       #.........   100%        6    #######
 Orb of Destruction       Conj           #.........   100%        7    #######
 Spellforged Servitor     Conj/Summ      #.........   100%        7    #######
 Summon Hydra             Summ           #.........   100%        7    #######


Dungeon Overview and Level Annotations

Branches:
Dungeon (12/15)            Temple (1/1) D:7            Lair (6/6) D:11
  Swamp (0/4) Lair:2       Spider (0/4) Lair:2        Slime (0/5) Lair:5
    Orc (2/2) D:11          Sewer (visited)
    Elf: Orc:2

Altars:
Ashenzari
Cheibriados
Dithmenos
Elyvilon
Fedhas
Gozag
Hepliaklqana
Kikubaaqudgha
Makhleb
Nemelex Xobeh
Okawaru
Qazlal
Ru
Sif Muna
Trog
Uskayaw
Vehumet
Wu Jian
Xom
Yredelemnul
Zin
The Shining One
Jiyva

Shops:
D:6 *

Annotations:
D:12 Rupert
Lair:5 1 runed translucent door


Innate Abilities, Weirdness & Mutations

You cannot wear most types of armour.
You are very stealthy in the water. (Stealth+)
You are amphibious.
You can wear up to eight rings at the same time.
You can use your tentacles to constrict eight enemies at once.
Your skin changes colour to match your surroundings (Stealth+).
Your rubbery body absorbs attacks. (AC +1, EV +1)


Message History

a +2 dagger of distortion; a +0 giant club You spin and attack the two-headed ogre repeatedly.
You completely miss the two-headed ogre.
The two-headed ogre is moderately wounded.
You barely miss the two-headed ogre.
You squeeze the two-headed ogre, but do no damage.
The two-headed ogre is moderately wounded.
An orc comes into view.
You block the two-headed ogre's attack. x2
You spin and attack the two-headed ogre repeatedly.
The orc shouts!
You hit the two-headed ogre.
The two-headed ogre looks as sick as possible!
The two-headed ogre is heavily wounded.
You hit the two-headed ogre.
The two-headed ogre looks as sick as possible!
The two-headed ogre is severely wounded.
You block the orc warrior's attack.
The two-headed ogre hits you with a +0 giant spiked club!!
You die...

......)....##....................
.....)#........).[...............
....)####...........#............
......# ##....#..................
......## ##.........<............
..#....###)).##..)...............
.#.##..##)#o..)..................
....#...)###..)oO.#..#...........
...##..).####.#.@.####...#.......
..####o...# ####.###.............
...##[##.## ##.##..............
.o..)##### #...#..............
...)..# ##.###.#...........
..)...## #...###.#..........
.(.....# ##<###.............
(.....## ### ##............
##..### ##.....#......


You could see a two-headed ogre (extremely poisoned), an orc warrior and an orc.

Vanquished Creatures
  Gastronok (Lair:2)
  An orc warlord (Orc:1)
  2 entropy weavers
  An ettin (D:11)
  Josephine (Lair:4)
  3 catoblepae (Lair:6)
  2 hydras
  A queen ant (Lair:5)
  2 ogre magi (Orc:2)
  10 two-headed ogres
  11 death yaks
  Sonja (Orc:2)
  5 skeletal warriors (D:11)
  An unseen horror (D:10)
  The ghost of Elkerch the Quickloader, a novice CeAM of Okawaru (D:10)
  4 oklob plants
  A deep elf mage (D:11)
  A cyclops (D:7)
  An ugly thing (D:9)
  The ghost of stil the Caller, a novice MfSu (D:6)
  3 manticores
  4 elephants (Lair:6)
  3 black mambas
  Joseph (Lair:1)
  A gargoyle (D:10)
  2 centaur skeletons
  8 spiny frogs
  2 komodo dragons
  A rime drake (Lair:3)
  A polar bear (Lair:6)
  6 trolls
  3 tyrant leeches (Lair:2)
  A wandering mushroom (Lair:3)
  Prince Ribbit (D:6)
  4 dream sheep (Lair:6)
  5 hippogriffs
  5 wraiths
  8 wyverns
  A spriggan (D:10)
  29 yaks
  3 basilisks
  Eustachio (D:6)
  A steam dragon (D:11)
  A hungry ghost (D:9)
  2 wargs
  26 soldier ants (Lair:5)
  A swamp worm (Lair:2)
  3 water moccasins
  8 porcupines
  Duvessa (D:5)
  14 orc warriors
  3 ice beasts
  5 sky beasts
  7 phantoms
  2 eyes of draining (D:10)
  A black bear (D:11)
  15 ogres
  6 centaurs
  12 crocodiles
  A big kobold (D:7)
  15 bullfrogs
  2 gnoll sergeants
  Dowan (D:5)
  6 scorpions
  2 troll zombies (D:11)
  4 killer bees (D:10)
  3 wights (D:9)
  2 electric eels
  4 howler monkeys (D:7)
  2 crimson imps
  A bullfrog zombie (D:10)
  15 orc wizards
  12 hounds
  5 jellies
  Crazy Yiuf (D:6)
  4 iguanas
  13 orc priests
  2 bullfrog skeletons
  27 worker ants
  A killer bee zombie (D:8)
  6 ogre zombies (D:11)
  2 hound skeletons
  Robin (D:2)
  A worker ant zombie (D:5)
  20 gnolls
  10 adders
  3 shadow imps
  3 oozes (D:1)
  An adder zombie (D:6)
  An adder skeleton (D:4)
  7 worms
  2 dart slugs
  7 leopard geckos
  66 orcs
  12 giant cockroaches
  7 hobgoblins
  15 jackals
  9 kobolds
  4 quokkas
  6 ball pythons
  11 bats
  4 frilled lizards
  16 goblins
  A goblin skeleton (D:11)
  4 goblin zombies (D:11)
  4 hobgoblin skeletons (D:11)
  5 orc skeletons (D:11)
  11 orc zombies (D:11)
  A quokka skeleton (D:9)
  A quokka zombie (D:5)
  5 rats
  11 plants
632 creatures vanquished.

Vanquished Creatures (collateral kills)
  2 two-headed ogres (Orc:2)
2 creatures vanquished.

Vanquished Creatures (others)
  3 dancing weapons
  2 fungi
  3 plants (Lair:6)
8 creatures vanquished.

Grand Total: 642 creatures vanquished

Notes
Turn   | Place    | Note
-------+----------+-------------------------------------------
     0 | D:1      | Chimkentus the Octopode Assassin began the quest for the
                  | Orb.
     0 | D:1      | Reached XP level 1. HP: 14/14 MP: 1/1
   125 | D:1      | Reached XP level 2. HP: 19/19 MP: 2/2
   627 | D:1      | Reached XP level 3. HP: 25/25 MP: 3/3
   880 | D:2      | Noticed a sky beast
  1249 | D:2      | Reached XP level 4. HP: 30/30 MP: 4/4
  1537 | D:2      | Noticed Robin
  1721 | D:2      | Found a basalt altar of Yredelemnul.
  1972 | D:3      | Found a faded altar of an unknown god.
  2237 | D:3      | Found a glowing drain.
  2247 | Sewer    | Entered a sewer
  2330 | Sewer    | Noticed a crocodile
  2367 | Sewer    | Killed a crocodile
  2367 | Sewer    | Reached XP level 5. HP: 32/36 MP: 5/5
  2616 | D:3      | Noticed an orc warrior
  2773 | D:3      | Reached XP level 6. HP: 36/42 MP: 6/6
  3416 | D:3      | Found an opulent altar of Gozag.
  3419 | D:3      | Found a glowing silver altar of Zin.
  3642 | D:2      | Killed an orc warrior
  3642 | D:2      | Reached skill level 1 in Evocations
  3870 | D:3      | Reached XP level 7. HP: 38/46 MP: 7/7
  5440 | D:5      | Entered Level 5 of the Dungeon
  5525 | D:5      | Reached XP level 8. HP: 54/54 MP: 9/9
  5590 | D:5      | Reached skill level 5 in Throwing
  5729 | D:5      | Noticed Dowan
  6014 | D:5      | Noticed Duvessa
  6021 | D:5      | Killed Dowan
  6050 | D:5      | Killed Duvessa
  6106 | D:5      | Found a hazy altar of Hepliaklqana.
  6492 | D:5      | Found a shimmering blue altar of Sif Muna.
  6519 | D:5      | Identified Sif Muna's Disquisition on Summoning
  7035 | D:6      | Noticed Eustachio
  7037 | D:6      | Killed Eustachio
  7172 | D:2      | Reached skill level 1 in Shields
  7410 | D:2      | Killed Robin
  7683 | D:6      | Noticed a hippogriff
  7688 | D:6      | Killed a hippogriff
  7688 | D:6      | Reached skill level 5 in Fighting
  7688 | D:6      | Reached skill level 5 in Dodging
  7688 | D:6      | Reached XP level 9. HP: 61/61 MP: 10/12
  7799 | D:6      | Reached skill level 5 in Short Blades
  7800 | D:6      | Noticed stil's ghost (novice MfSu)
  7803 | D:6      | Found a runed translucent door.
  8012 | D:6      | Found Iwnesaec's Serpentskin Sales.
  8019 | D:6      | Bought an uncursed ring of poison resistance for 220 gold
                  | pieces
  8371 | D:6      | Found an ornate altar of the Wu Jian Council.
  8377 | D:6      | Became a worshipper of the Wu Jian Council
  8474 | D:6      | Found a runed translucent door.
  8475 | D:6      | Noticed Crazy Yiuf
  8501 | D:6      | Noticed Prince Ribbit
  8510 | D:6      | Killed Prince Ribbit
  9151 | D:6      | Killed Crazy Yiuf
  9549 | D:7      | Found a staircase to the Ecumenical Temple.
  9910 | D:7      | Reached skill level 5 in Evocations
  9921 | D:7      | Reached XP level 10. HP: 46/68 MP: 13/13
 10100 | D:7      | Identified the +1 ring mail of Fashionability {Dex+2}
 10112 | D:7      | Found an ancient bone altar of Kikubaaqudgha.
 10182 | D:7      | Reached * piety under Wu Jian
 10389 | D:7      | Found a transporter.
 10389 | D:7      | Found a transporter.
 10393 | D:7      | Noticed a cyclops
 10395 | D:7      | Found a shattered altar of Ashenzari.
 10450 | D:7      | Found a glowing golden altar of the Shining One.
 10855 | Temple   | Entered the Ecumenical Temple
 11424 | D:8      | Found a snail-covered altar of Cheibriados.
 11548 | D:8      | Found a shimmering altar of Xom.
 11548 | D:8      | Found a shimmering altar of Xom.
 11549 | D:8      | Found a shimmering altar of Xom.
 11550 | D:8      | Found a shimmering altar of Xom.
 11550 | D:8      | Found a shimmering altar of Xom.
 11550 | D:8      | Found a shimmering altar of Xom.
 11791 | D:8      | Noticed a two-headed ogre
 12107 | D:8      | Killed a two-headed ogre
 12230 | D:9      | Noticed a two-headed ogre
 12253 | D:9      | Found an iron altar of Okawaru.
 12373 | D:9      | Found an iron altar of Okawaru.
 12432 | D:9      | Noticed a two-headed ogre
 12454 | D:9      | Killed a two-headed ogre
 12524 | D:9      | Reached ** piety under Wu Jian
 12604 | D:9      | Reached XP level 11. HP: 74/74 MP: 15/15
 12727 | D:9      | Found a radiant altar of Vehumet.
 12849 | D:9      | Noticed a two-headed ogre
 12861 | D:9      | Killed a two-headed ogre
 12861 | D:9      | Reached skill level 5 in Shields
 12866 | D:9      | Reached skill level 1 in Long Blades
 13375 | D:9      | Noticed a white ugly thing
 13441 | D:9      | Killed a white ugly thing
 13605 | D:9      | Killed a two-headed ogre
 13819 | D:10     | Entered Level 10 of the Dungeon
 14316 | D:10     | Reached *** piety under Wu Jian
 14464 | D:10     | Learned a level 4 spell: Petrify
 15163 | D:11     | Noticed a skeletal warrior
 15163 | D:11     | Noticed a skeletal warrior
 15226 | D:11     | Noticed a manticore
 15231 | D:11     | Killed a manticore
 15447 | D:11     | Noticed a two-headed ogre
 15450 | D:11     | Killed a two-headed ogre
 15450 | D:11     | Reached skill level 1 in Transmutations
 15450 | D:11     | Reached skill level 1 in Earth Magic
 15519 | D:11     | Found a staircase to the Orcish Mines.
 15648 | D:11     | Noticed a skeletal warrior
 15677 | D:11     | Killed a skeletal warrior
 15845 | D:11     | HP: 1/77 [skeletal warrior/+0 halberd[a skeletal warrior]
                  | (27)]
 16217 | D:12     | Noticed Rupert
 16217 | D:12     | Noticed a deep elf mage
 16225 | D:11     | Killed a deep elf mage
 16225 | D:11     | Reached XP level 12. HP: 80/82 MP: 17/17
 16623 | D:11     | Found a staircase to the Lair.
 16661 | Lair:1   | Entered Level 1 of the Lair of Beasts
 16677 | Lair:1   | Reached **** piety under Wu Jian
 16762 | Lair:1   | Noticed Joseph
 16770 | Lair:1   | Killed Joseph
 17008 | Lair:1   | Noticed an eight-headed hydra
 17605 | Lair:1   | Killed an eight-headed hydra
 18056 | Lair:2   | Found a hole to the Spider Nest.
 18172 | Lair:2   | Noticed Gastronok
 18269 | Lair:2   | Reached skill level 1 in Slings
 19458 | Lair:2   | Killed Gastronok
 19689 | Lair:2   | Found a staircase to the Swamp.
 21843 | Lair:3   | Reached XP level 13. HP: 90/90 MP: 18/18
 22390 | Lair:4   | Noticed Josephine
 23061 | Lair:4   | Killed Josephine
 23407 | Lair:5   | Learned a level 1 spell: Foxfire
 23724 | Lair:5   | Found a runed translucent door.
 23725 | Lair:5   | Found a viscous altar of Jiyva.
 23726 | Lair:5   | Noticed an acid blob
 23726 | Lair:5   | Noticed an acid blob
 23727 | Lair:5   | Found a staircase to the Slime Pits.
 23907 | Lair:5   | Noticed an entropy weaver
 23968 | Lair:5   | Reached skill level 1 in Conjurations
 24586 | Lair:5   | Learned a level 3 spell: Tukima's Dance
 24588 | Lair:5   | Learned a level 1 spell: Corona
 24669 | Lair:5   | Reached ***** piety under Wu Jian
 24980 | Lair:5   | Reached skill level 1 in Hexes
 25023 | Lair:5   | Reached skill level 5 in Slings
 25071 | Lair:5   | Noticed an entropy weaver
 25453 | Lair:4   | Killed an entropy weaver
 25932 | Lair:5   | Killed an entropy weaver
 26216 | Lair:6   | Entered Level 6 of the Lair of Beasts
 27151 | Lair:6   | Reached XP level 14. HP: 91/98 MP: 19/19
 28164 | Lair:5   | Reached skill level 10 in Fighting
 28164 | Lair:5   | Reached skill level 10 in Dodging
 28839 | Lair:6   | Reached skill level 10 in Throwing
 30149 | D:10     | Reached skill level 1 in Spellcasting
 30230 | D:10     | Found a runed translucent door.
 30234 | D:10     | Noticed Elkerch's ghost (novice CeAM)
 30246 | D:10     | Killed Elkerch's ghost
 30247 | D:10     | Identified Jenyex's Reference Book on the Entourage and Ice
 30919 | D:6      | Killed stil's ghost
 30978 | D:7      | Reached ****** piety under Wu Jian
 32323 | Orc:1    | Entered Level 1 of the Orcish Mines
 32974 | Orc:1    | Noticed an orc warlord
 33255 | Orc:1    | Reached skill level 5 in Hexes
 33386 | Orc:1    | Killed an orc warlord
 33766 | Orc:2    | Entered Level 2 of the Orcish Mines
 33937 | Orc:2    | Noticed Sonja
 33986 | Orc:2    | Reached XP level 15. HP: 90/105 MP: 14/20
 34015 | Orc:2    | Killed Sonja
 34071 | Orc:2    | Reached skill level 10 in Shields
 34335 | Orc:2    | Slain by a two-headed ogre

Illustrated notes

Levels and vault maps discovered:
D:1:      saegor_arrival_simple_b, layout_loops_ring, serial_bayou_pond_e
D:2:      layout_basic, lemuel_crystal_altar, feat_on_display, uniq_robin
D:3:      layout_basic, grunt_temple_overflow_gold_and_silver, first_ration,
          chequers_ecumenical_altar_simple, cheibrodos_sewer_entry_drain,
          grunt_ministairs_10, st_stairs_6
D:4:      minmay_razor_zed, layout_basic
D:5:      layout_loops_ring, led_sif_book, kennysheep_mini, uniq_duvessa
D:6:      layout_basic, kennysheep_little_box, hellmonk_ghost_happy_afterlife,
          chequers_serial_rivers_small_a, st_stairs_12, guppyfry_shop_venom,
          uniq_eustachio, uniq_prince_ribbit1, uniq_crazy_yiuf_cottage
D:7:      layout_gridville, gammafunk_temple_overflow_arena,
          nicolae_overflow_crystal_walls, temple_fountains
D:8:      layout_basic, xom_shifter_show, cheibrodos_worm_habitat
D:9:      layout_loops_corners, lemuel_crystal_altar,
          nicolae_overflow_hidden_temple, basic_altar
D:10:     layout_roguey, serial_glass, glass_columns_b, glass_columns_c,
          glass_columns_c, glass_columns_b, minmay_strange_pillars,
          ebering_ghost_reflecting_pool, the_bakery
D:11:     layout_loops_ring, erik_lair_dragon, zombieorc2_lemuel
D:12:     minmay_slanted_spiral_squares, layout_cross, uniq_erolcha,
          uniq_psyche, uniq_fannar, uniq_rupert
Temple:   compressed_dpeg_triangle_lava_temple
Lair:1:   layout_chaotic_city, grunt_megastairs_5, infiniplex_staircase_pool,
          uniq_joseph
Lair:2:   layout_layer_cave, minmay_swamp_entry_worms,
          nicolae_spider_entry_non_spiders, uniq_gastronok
Lair:3:   layout_regular_city, serial_bayou_shore_a, minmay_lair_oklob_chamber
Lair:4:   layout_small_grid, wad_woods_road_04, grunt_megastairs_2,
          uniq_josephine
Lair:5:   layout_gridlike, slime_altar_2, minivault_29
Lair:6:   evilmike_catoblepas_cave, layout_concentric_octagons
Orc:1:    layout_diamond_mine
Orc:2:    st_orc_ogre_mass, layout_caves, uniq_sonja

Skill      XL: |  1  2  3  4  5  6  7  8  9 10 11 12 13 14 15 |
---------------+----------------------------------------------+-----
Dodging        | 2 3 4 5 6 7 8 9 10 | 10.8
Throwing       | 3 4 5 6 8 9 10 | 10.0
Fighting       | 3 4 5 6 7 9 10 | 10.7
Short Blades   | 3 4 5 6 7 8 9 |  9.3
Evocations     | 1 2 4 5 6 7 |  7.3
Stealth        | 6 7 8 9 |  9.5
Shields        | 1 3 4 5 6 8 9 10 | 10.0
Long Blades    | 2 3 |  3.0
Transmutations | 1 4 |  4.6
Earth Magic    | 1 4 |  4.3
Slings         | 3 5 6 |  6.3
Conjurations   | 1 |  1.7
Hexes          | 2 5 |  5.7
Spellcasting   | 2 3 |  3.2
Fire Magic     | |  0.4

Action                   |  1- 3 |  4- 6 |  7- 9 | 10-12 | 13-15 || total
-------------------------+-------+-------+-------+-------+-------++-------
Melee: Dagger            |    50 |    89 |   244 |   496 |  1233 ||  2112
       Constrict         |     9 |    21 |    50 |    66 |   115 ||   261
       Tentacles         |     7 |    21 |    34 |   136 |   346 ||   544
       Falchion          |       |       |       |    10 |       ||    10
       Long sword        |       |       |       |    52 |    17 ||    69
       Flail             |       |       |       |     5 |       ||     5
       Hunting sling     |       |       |       |       |     1 ||     1
 Fire: Hunting sling     |       |       |       |    84 |   229 ||   313
Throw: Dart              |    34 |    55 |    81 |   103 |    92 ||   365
       Boomerang         |       |       |    10 |    30 |       ||    40
       Throwing net      |       |       |     1 |       |     1 ||     2
       Stone             |       |       |       |     7 |       ||     7
 Cast: Corona            |       |       |       |       |    18 ||    18
       Tukima's Dance    |       |       |       |       |    15 ||    15
Invok: Lunge             |       |       |    11 |    59 |    43 ||   113
       Whirlwind         |       |       |       |    56 |   132 ||   188
       Heavenly Storm    |       |       |       |       |     1 ||     1
 Abil: Wall Jump         |       |       |       |    54 |    92 ||   146
Evoke: Wand              |       |     2 |     8 |    20 |    12 ||    42
  Use: Scroll            |       |     5 |    10 |    13 |    10 ||    38
       Potion            |       |     3 |     8 |     3 |     7 ||    21
 Stab: Sleeping          |    10 |     5 |    30 |    44 |    25 ||   114
       Invisible         |       |       |     2 |       |     7 ||     9
       Paralysed         |       |       |     1 |       |     1 ||     2
       Distracted        |       |       |       |     2 |     3 ||     5
  Eat: Chunk             |     1 |     8 |    18 |    33 |    30 ||    90
       Ration            |       |       |       |     1 |     4 ||     5
Armor: Skin              |     4 |     5 |    11 |     3 |    13 ||    36
Dodge: Dodged            |    25 |    49 |   128 |   187 |   247 ||   636
Block: Buckler           |       |       |    15 |    16 |       ||    31
       Kite shield       |       |       |       |   136 |   373 ||   509
       Rpst.: Long sword |       |       |       |     4 |       ||     4
